 Dungeon Crawl Stone Soup version 0.30.1-11-g7821555f0a (webtiles) character file.

Game seed: 8340881528532461064

25 comborobin the Sneak (level 2, 0/25 HPs)
             Began as a Demigod Delver on Dec 16, 2023.
             Slain by an orc
             ... wielding a +0 hand axe
              (5 damage)
             ... on level 3 of the Dungeon.
             The game lasted 00:00:50 (793 turns).

comborobin the Sneak (Demigod Delver)                Turns: 793, Time: 00:00:51

Health: 0/25       AC:  3    Str: 13    XL:     2   Next: 63%
Magic:  4/4        EV: 11    Int: 12    God:
Gold:   17         SH:  0    Dex: 15    Spells: 1/1 levels left

rFire   . . .        a - +0 mace
rCold   . . .        (no shield)
rNeg    . . .        b - +0 leather armour
rPois   .            (no helmet)
rElec   .            (no cloak)
rCorr   .            (no gloves)
SInv    .            (no boots)
Will    .....        (no amulet)
Stlth   +++          (no ring)
HPRegen 0.24/turn    (no ring)
MPRegen 0.09/turn

%: no passive effects
@: no status effects
A: high MP 1, forlorn, divine attributes
a: no special abilities


You were on level 3 of the Dungeon.
You visited 1 branch of the dungeon, and saw 4 of its levels.

You collected 17 gold pieces.

Inventory:

Hand Weapons
 a - a +0 mace (weapon)
Armour
 b - a +0 leather armour (worn)
Wands
 g - a wand of digging (3)
Scrolls
 c - a scroll of fog
 e - a scroll of noise {unknown}
 i - a scroll of identify {unknown}
Potions
 d - a potion of brilliance {unknown}
 f - a potion of haste
 h - a potion of curing {unknown}


   Skills:
 - Level 2.6 Fighting
 + Level 3.1 Maces & Flails
 - Level 1.7 Dodging
 - Level 4.5 Stealth


You had one spell level left.
You didn't know any spells.
Your spell library was empty.

Dungeon Overview and Level Annotations

Branches:
Dungeon (6/15)             Temple (0/1) D:5

Annotations:
D:3 2 runed translucent doors, whendricso's ghost, amateur DjHW


Innate Abilities, Weirdness & Mutations

You have an increased reservoir of magic. (+10% MP)
You shall have no god before yourself.
Your divine heritage dramatically boosts your attributes as you level up.


Message History

The rat misses you.
A rat is nearby!
You barely miss the rat. The rat bites you.
You hit the rat.
You kill the rat!
You now have 17 gold pieces (gained 8).
An orc comes into view. It is wielding a +0 hand axe.
Found an escape hatch in the floor.
The orc moves out of view.
No target in view!
An orc priest comes into view. It is wielding a +0 falchion.
There are monsters nearby!
There are monsters nearby!
The orc shouts!
An orc comes into view. It is wielding a +0 short sword.
There is an open door here.
You hit the orc but do no damage. The orc hits you but does no damage.
You hit the orc.
The orc is severely wounded.
The orc closely misses you.
You hit the orc but do no damage.
The orc is severely wounded.
The orc hits you with a +0 hand axe. x2
You completely miss the orc.
The orc is severely wounded.
The orc hits you with a +0 hand axe.
You hit the orc.
The orc is almost dead.
The orc hits you with a +0 hand axe.
You hit the orc but do no damage.
The orc is almost dead.
The orc hits you with a +0 hand axe.
You hit the orc but do no damage.
The orc is almost dead.
The orc hits you with a +0 hand axe.
* * * LOW HITPOINT WARNING * * *
The orc closely misses you.
You hit the orc but do no damage.
The orc is severely wounded.
The orc hits you with a +0 hand axe.
You die...

####.#######.#### #.#
#.# #.# #.# #.# ##'##
#.# ##...## ###.#
##.....## ##.#.#
##.......##
#####....###.........#
...........'...o@....+
#####....###.........#
##.#.# ##.......##
###.# ##.....## ####.#
##...## #....# ##+##
#.#### #.# #.# #.# #.#
##.##


You could see an orc.

Vanquished Creatures
  A worm (D:3)
  An orc (D:3)
  3 endoplasms
  A giant cockroach (D:3)
  A goblin (D:3)
  A kobold (D:4)
  4 quokkas
  3 ball pythons (D:3)
  3 rats (D:3)
18 creatures vanquished.

Notes
Turn   | Place    | Note
-------+----------+-------------------------------------------
     0 | D:5      | comborobin the Demigod Delver began the quest for the Orb.
     0 | D:5      | Reached XP level 1. HP: 18/18 MP: 3/3
    21 | D:5      | Noticed an ice beast
   207 | D:3      | Reached XP level 2. HP: 20/25 MP: 4/4
   277 | D:3      | Found a runed translucent door.
   293 | D:3      | Noticed whendricso's ghost (amateur DjHW)
   588 | D:3      | Found a runed translucent door.
   793 | D:3      | Slain by an orc

Illustrated notes

Levels and vault maps discovered:
D:3:      layout_loops_corners, general_overflow_altar, doesnt_xom_only_xom,
          ebering_ghost_sewer_f
D:4:      layout_basic, uniq_robin
D:5:      layout_basic, kennysheep_mini, minmay_temple_entry_statues_pillars,
          gup_sewer_entry_bubbles, lightli_church_of_beogh
D:6:      layout_loops_corners, old_standard_altar

Skill      XL: |  1  2 |
---------------+-------+-----
Maces & Flails | 2 3 |  3.1
Fighting       | |  2.6
Dodging        | |  1.7
Stealth        | |  4.5

Action                     || total
---------------------------++-------
  Melee: Mace              ||    68
    Use: Scroll            ||     2
   Stab: Sleeping          ||     7
 Armour: Leather armour    ||    13
  Dodge: Dodged            ||    32
